 Dungeon Crawl Stone Soup version 0.18-a0-1726-g399342b (webtiles) character file.

144 FatPrincess the Digger (level 5, -19/36 HPs)
             Began as a Human Earth Elementalist on Mar 21, 2016.
             Was a Follower of Elyvilon.
             Killed from afar by an orc (34 damage)
             ... with an exploding inner flame
             ... hexed by the player character
             ... on level 3 of the Dungeon.
             The game lasted 00:07:12 (2102 turns).

FatPrincess the Digger (Human Earth Elementalist)   Turns: 2102, Time: 00:07:12

Health: -19/36     AC:  4    Str: 10    XL:     5   Next: 51%
Magic:  0/9        EV: 12    Int: 20    God:    Elyvilon [*.....]
Gold:   229        SH:  0    Dex: 13    Spells: 3 memorised, 3 levels left

rFire  . . .     SeeInvis .     a - +0 spear (pierce)
rCold  . . .     Gourm    .     f - +0 robe
rNeg   . . .     Faith    .     (no shield)
rPois  .         Spirit   .     (no helmet)
rElec  .         Dismiss  .     (no cloak)
rCorr  .         Reflect  .     (no gloves)
SustAt +         Harm     .     q - +1 pair of boots
MR     .....                    (no amulet)
Stlth  ++........               m - ring of sustain attributes
                                (no ring)

@: brilliant, very slightly contaminated, not resistant to hostile enchantments,
unstealthy
A: no striking features
a: Lesser Healing, Divine Protection, Renounce Religion


You were on level 3 of the Dungeon.
You worshipped Elyvilon.
Elyvilon was aware of your devotion.
You were hungry.

You visited 1 branch of the dungeon, and saw 3 of its levels.

You collected 229 gold pieces.

Inventory:

Hand Weapons
 a - a +0 spear of piercing (weapon)
Missiles
 b - 8 stones (quivered)
 o - 2 throwing nets
Armour
 f - a +0 robe (worn)
 q - a +1 pair of boots (worn)
Jewellery
 m - a ring of sustain attributes (right hand)
Wands
 r - a wand of paralysis (24/24)
Scrolls
 g - a scroll of amnesia
 n - a scroll of identify
 y - a scroll of remove curse
Potions
 h - a potion of curing
 p - a potion of degeneration
 s - a potion of mutation {unknown}
 t - a potion of agility
 v - a potion of cancellation {unknown}
 w - a potion of beneficial mutation {unknown}
 x - a potion of resistance {unknown}
Books
 c - a book of Geomancy

   Spells                             Type                      Level
   a - Sandblast                      Earth                        1
   b - Passwall                       Transmutation/Earth          2
   c - Stone Arrow                    Conjuration/Earth            3
   d - Petrify                        Transmutation/Earth          4
   e - Lee's Rapid Deconstruction     Earth                        5
Comestibles
 d - 5 bread rations
 z - 3 chunks of flesh


   Skills:
 + Level 0.4 Fighting
 + Level 0.2 Polearms
 * Level 0.6 Armour
 + Level 2.4 Dodging
 + Level 3.2 Stealth
 + Level 2.7 Spellcasting
 * Level 0.6 Conjurations
 + Level 1.0 Transmutations
 * Level 4.0 Earth Magic


You had 3 spell levels left.
You knew the following spells:

 Your Spells              Type           Power        Failure   Level  Hunger
a - Sandblast             Erth           ####..       1%          1    None
b - Passwall              Trmt/Erth      ###.......   1%          2    ##.....
c - Stone Arrow           Conj/Erth      ###...       2%          3    ###....


Dungeon Overview and Level Annotations

Branches:
Dungeon (3/15)

Altars:
Ashenzari
Elyvilon


Message History

Aim: a rat (inner flame)
Okay, then.
Press: ? - help, v - describe, . - travel The floor.
Casting: Sandblast
Confirm with . or Enter, or press ? or * to list all spells.
Aiming: Sandblast
Press: ? - help, Shift-Dir - straight line, f - rat
Aim: a rat (inner flame)
The blast of sand hits the rat.
The rat explodes!
The fiery explosion engulfs the orc.
The orc explodes!
The fiery explosion engulfs the orc priest.
The orc priest explodes!
Your Earth Magic skill increases to level 4!
You feel your strength returning. The fiery explosion engulfs you!
Ouch! That really hurt!
You die...

.##.##.##...,,,,.#....<,**,**,,,,
##..........#***#%#..##.##.**,***
#..##.##.### #.#)....r..,,,,,*
#..##.##.# #.#)#*,***,,*,*,,
##........# ##.#g#*,* *,,,,,,,
...###.##.# #§§..#*,* *,,*,*,,
#### #.##.######§§###*,* ******,,
#........%§§§# *,* *,,,**,
####.######@## *,* *,_,,,,
#.....##.# *,* *,,,,,, #####.##.#
*,* ****,,, #.##.# *,* ***,
#.##.# *>* *, #.##.#
**,*********, #.##.#
*,*,,,,,,,,,* #.##.#
**,********,* #.##.### *** *,*


You could see a goblin (inner flame).

Vanquished Creatures
  2 orc priests (D:3)
  A gnoll (D:1)
  An adder (D:2)
  An ooze (D:3)
  3 worms
  3 dart slugs
  3 giant geckos (D:3)
  An orc (D:3)
  A ball python (D:2)
  A giant cockroach (D:2)
  4 goblins
  2 hobgoblins
  8 jackals
  3 kobolds (D:1)
  A quokka (D:2)
  4 bats
  5 rats
44 creatures vanquished.

Notes
Turn   | Place    | Note
--------------------------------------------------------------
     0 | D:1      | FatPrincess the Human Earth Elementalist began the quest for the Orb.
     0 | D:1      | Reached XP level 1. HP: 13/13 MP: 3/3
   122 | D:1      | Reached XP level 2. HP: 19/19 MP: 1/5
   250 | D:1      | Learned a level 2 spell: Passwall
   954 | D:2      | Found a white marble altar of Elyvilon.
  1020 | D:2      | Became a worshipper of Elyvilon the Healer
  1075 | D:2      | Reached XP level 3. HP: 15/24 MP: 4/6
  1089 | D:2      | Found a shattered altar of Ashenzari.
  1449 | D:2      | Reached XP level 4. HP: 22/30 MP: 0/7
  1472 | D:2      | Learned a level 3 spell: Stone Arrow
  1720 | D:3      | Reached * piety under Elyvilon
  2090 | D:3      | Elyvilon protects you from harm!
  2094 | D:3      | Reached XP level 5. HP: 16/36 MP: 0/9
  2102 | D:3      | Reached skill level 4 in Earth Magic
  2102 | D:3      | Killed from afar by an orc

Vault maps used:
D:1:      dpeg_arrival_renting
D:2:      lemuel_doored_altar, corexii_hall_statues_l, elyvilon_altar_1
D:3:      grunt_temple_overflow_growth_and_decay, first_bread, st_stairs_13

Skill      XL: |  1  2  3  4  5 |
---------------+----------------+-----
Stealth        | 3 |  3.2
Earth Magic    | 4 |  4.0
Fighting       | |  0.4
Polearms       | |  0.2
Armour         | |  0.6
Dodging        | |  2.4
Spellcasting   | |  2.7
Conjurations   | |  0.6
Transmutations | |  1.0

Action                   |  1- 3 |  4- 6 || total
-------------------------+-------+-------++-------
Melee: Spear             |    43 |    53 ||    96
 Cast: Sandblast         |    18 |    20 ||    38
       Stone Arrow       |       |     2 ||     2
  Use: Scroll            |       |     8 ||     8
       Potion            |       |     3 ||     3
 Stab: Sleeping          |     6 |     2 ||     8
  Eat: Chunk             |     2 |     2 ||     4
